 Dungeon Crawl Stone Soup version 0.31-a0-963-ga325b2283a (webtiles) character file.

Game seed: 10288725945835845882

170 CryoSword the Ruffian (level 5, -1/41 HPs)
             Began as a Demigod Shapeshifter on Oct 24, 2023.
             Slain by a jelly (2 damage)
             ... in a sewer.
             The game lasted 00:11:14 (2774 turns).

CryoSword the Ruffian (Demigod Shapeshifter)        Turns: 2774, Time: 00:11:14

Health: -1/41      AC: -14   Str: 19    XL:     5   Next: 5%
Magic:  7/7        EV: 12    Int: 18    God:
Gold:   72         SH:  0    Dex: 13    Spells: 4/4 levels left

rFire   . .          .
                       - Unarmed
rCold   x . .        (no shield)
rNeg    . . .        b - +0 robe "Teehoi" {Int+6}
rPois   .            (helmet currently unavailable)
rElec   .            h - melded +0 cloak
rCorr   .            (gloves currently unavailable)
SInv    .            (boots currently unavailable)
Will    .....        (no amulet)
Stlth   +            (no ring)
HPRegen 0.26/turn    (no ring)
MPRegen 0.10/turn

%: clarity
@: beast-form, corroded, hasted, very quick
A: beast (slay +1), high MP 1, forlorn, divine attributes, clarity, teleportitis
1, cold vulnerability 1, MP-powered wands
a: Begin Untransformation


You were in a sewer.
You were a hulking beast.
You visited 1 branch of the dungeon, and saw 3 of its levels.
You also visited: Sewer.

You collected 72 gold pieces.

Inventory:

Armour
 b - the +0 robe "Teehoi" (worn) {Int+6}
   (You found it on level 2 of the Dungeon)

   Int+6:     It affects your intelligence (+6).
 h - a +0 cloak (melded)
   (You found it on level 2 of the Dungeon)
 j - a +0 pair of gloves
   (You found it in a sewer)
Talismans
 c - a beast talisman (active)
 d - a flux talisman
Scrolls
 a - a scroll of fog
 e - a scroll of teleportation {@r4}
Potions
 f - a potion of curing {unknown}
 g - 2 potions of might {unknown}


   Skills:
 * Level 2.2 Fighting
 + Level 2.7 Dodging
 * Level 4.0 Unarmed Combat
 + Level 3.2 Shapeshifting


You had 4 spell levels left.
You didn't know any spells.
Your spell library contained the following spells:

 Spells                   Type           Power      Damage    Failure   Level
 Cigotuvi's Dreadful Rot  Necr/Pois/Air  0%         N/A       32%         2
 Sublimation of Blood     Necr           0%         N/A       32%         2
 Ignite Poison            Fire/Tmut/Pois 0%         N/A       54%         3
 Petrify                  Tmut/Erth      0%         N/A       91%         4
 Freezing Cloud           Conj/Ice/Air   0%         6-21      99%         5
 Irradiate                Conj/Tmut      0%         3d11      99%         5


Dungeon Overview and Level Annotations

Branches:
Dungeon (3/15)              Sewer (1/1)

Annotations:
D:2 Sigmund
D:3 1 transporter, glosham's ghost, amateur DESh


Innate Abilities, Weirdness & Mutations

You are a hulking beast.
Your limbs bulge with bestial killing power. (Slay +1)
You have an increased reservoir of magic. (+10% MP)
You shall have no god before yourself.
Your divine heritage dramatically boosts your attributes as you level up.
You possess an exceptional clarity of mind.
You are occasionally teleported next to monsters.
You are vulnerable to cold. (rC-)
You expend magic power (3 MP) to strengthen your wands.


Message History

You punch the ball python!
You kill the ball python!
You see here a ball python corpse.
A jelly comes into view.
Found a pair of gloves and a fuming puce potion.
You enter the shallow water.
Moving in this stuff is going to be slow.
Found a gate leading back out of this place.
A rat comes into view.
The jelly quivers.
You see here a ball python corpse.
You see here a ball python corpse.
You hit the jelly.
Your hands burn!
The jelly hits you.
You are splashed with acid!
You hit the jelly. The acid corrodes you!
Your hands burn!
* * * LOW HITPOINT WARNING * * *
You barely miss the jelly. The jelly hits you.
* * * LOW HITPOINT WARNING * * *
You are splashed with acid!
* * * LOW HITPOINT WARNING * * *
It was a potion of berserk rage.
A red film seems to cover your vision as you go berserk!
You feel yourself moving faster!
You feel mighty! The jelly hits you.
* * * LOW HITPOINT WARNING * * *
You are splashed with acid!
* * * LOW HITPOINT WARNING * * *
Unknown command.
You hit the jelly.
Your hands burn!
* * * LOW HITPOINT WARNING * * *
The jelly misses you.
You punch the jelly!
You kill the jelly!
Your Unarmed Combat skill increases to level 4!
You have reached level 5!
You enter the shallow water.
Moving in this stuff is going to be slow.
You feel a strong urge to attack something.
You are no longer berserk.
You are exhausted.
You feel yourself slow down.
You see here a rat corpse.
You enter the shallow water.
Moving in this stuff is going to be slow.
You are no longer corroded.
You enter the shallow water.
Moving in this stuff is going to be slow.
You start resting.
You feel yourself speed up.
You start resting.
You recover from your berserk rage.
You start resting.
Okay, then.
You enter the shallow water.
Moving in this stuff is going to be slow.
You enter the shallow water.
Moving in this stuff is going to be slow.
You see here a rat skeleton.
You enter the shallow water.
Moving in this stuff is going to be slow.
You enter the shallow water.
Moving in this stuff is going to be slow.
You see here a ball python skeleton.
You enter the shallow water.
Moving in this stuff is going to be slow.
Found a fuming puce potion.
g - a fuming puce potion You enter the shallow water.
Moving in this stuff is going to be slow.
A frilled lizard comes into view.
The frilled lizard hisses angrily.
You miss the frilled lizard. The frilled lizard bites you.
You punch the frilled lizard!
You kill the frilled lizard!
An endoplasm comes into view.
You see here a frilled lizard corpse.
You enter the shallow water.
Moving in this stuff is going to be slow.
The endoplasm quivers.
The endoplasm closely misses you. x2
You hit the endoplasm. You hit the endoplasm. The endoplasm hits you.
You punch the endoplasm!
You kill the endoplasm!
You start resting.
You enter the shallow water.
Moving in this stuff is going to be slow.
You enter the shallow water.
Moving in this stuff is going to be slow.
You barely miss the rat. You hit the rat. The rat misses you.
You hit the rat.
You kill the rat!
You enter the shallow water.
Moving in this stuff is going to be slow.
A rat and an endoplasm come into view.
You enter the shallow water.
Moving in this stuff is going to be slow.
A giant cockroach comes into view.
The endoplasm quivers.
You see here a +0 pair of gloves.
You barely miss the giant cockroach.
The giant cockroach bites you but does no damage.
You closely miss the giant cockroach. The giant cockroach barely misses you.
You hit the giant cockroach. The giant cockroach barely misses you.
You hit the giant cockroach.
You kill the giant cockroach!
The rat bites you.
You punch the rat!
You kill the rat!
You hit the endoplasm. The endoplasm freezes you.
You are frozen.
You hit the endoplasm but do no damage. The endoplasm barely misses you.
You punch the endoplasm!
You kill the endoplasm!
You see here a giant cockroach corpse.
j - a +0 pair of gloves
g - 2 fuming puce potions (gained 1)
Okay, then.
You start resting.
You enter the shallow water.
Moving in this stuff is going to be slow.
A jelly comes into view.
The jelly quivers.
Found a scroll labelled TOROUM XEOBB.
Okay, then.
It was a potion of mutation.
You feel extremely strange.
You feel vulnerable to cold.
You feel weirdly uncertain.
Your thoughts seem clearer.
You feel your magical essence link to the dungeon's wands.
It was a potion of haste.
You feel yourself speed up.
You punch the jelly! The acid corrodes you!
Your hands burn!
The jelly hits you.
You are splashed with acid!
You hit the jelly. The acid corrodes you!
Your hands burn!
You hit the jelly.
Your hands burn!
The jelly hits you.
* * * LOW HITPOINT WARNING * * *
You are splashed with acid!
* * * LOW HITPOINT WARNING * * *
You hit the jelly but do no damage. The acid corrodes you!
Your hands burn!
* * * LOW HITPOINT WARNING * * *
You hit the jelly but do no damage.
Your hands burn!
* * * LOW HITPOINT WARNING * * *
You punch the jelly, but do no damage. The jelly completely misses you.
You hit the jelly but do no damage. The acid corrodes you!
Your hands burn!
* * * LOW HITPOINT WARNING * * *
The jelly barely misses you.
You hit the jelly but do no damage. The acid corrodes you!
Your hands burn!
* * * LOW HITPOINT WARNING * * *
You completely miss the jelly. The jelly hits you.
You die...

#.~~##~~~÷~.~~##.~.#
*,.~.?_*
#~.~#~.~#......~~∩##
*~~~.,,*
##...~.##~.~#~~~.##
*#..#****
##.~.####~.######
*#...# #####
#.~.#######..~.#
##~~†~.#..~~.#**
##.†~..~~..#*
###.~.J.### ##.h.##
#####


You could see a jelly.

Vanquished Creatures
  A jelly (Sewer)
  A river rat (Sewer)
  5 adders
  3 worms
  An orc (D:1)
  3 bats
  13 endoplasms
  2 giant cockroaches
  5 goblins
  9 hobgoblins
  2 jackals (D:3)
  3 quokkas
  11 ball pythons
  4 frilled lizards
  3 kobolds (D:1)
  8 rats
74 creatures vanquished.

Notes
Turn   | Place    | Note
-------+----------+-------------------------------------------
     0 | D:1      | CryoSword the Demigod Shapeshifter began the quest for the
                  | Orb.
     0 | D:1      | Reached XP level 1. HP: 15/15 MP: 3/3
    57 | D:1      | Reached skill level 1 in Fighting
   178 | D:1      | Reached skill level 3 in Unarmed Combat
   178 | D:1      | Reached XP level 2. HP: 20/23 MP: 4/4
   748 | D:1      | Reached XP level 3. HP: 13/28 MP: 5/5
   850 | D:2      | Noticed Sigmund
  1442 | D:2      | Reached XP level 4. HP: 36/36 MP: 6/6
  1508 | D:2      | Identified the +0 robe "Teehoi" {Int+6}
  1895 | D:3      | Found a transporter.
  1895 | D:3      | Noticed glosham's ghost (amateur DESh)
  1899 | D:3      | Identified the +1 giant spiked club of Gapheoll {elec,
                  | rPois}
  1899 | D:3      | Noticed an ogre
  1899 | D:3      | Noticed an ogre
  2093 | D:3      | Found a glowing drain.
  2097 | Sewer    | Entered a sewer
  2512 | Sewer    | HP: 1/54 [acid (2)]
  2514 | Sewer    | Reached skill level 4 in Unarmed Combat
  2514 | Sewer    | Reached XP level 5. HP: 1/41 MP: 7/7
  2765 | Sewer    | Gained mutation: You are vulnerable to cold. (rC-) [potion
                  | of mutation]
  2765 | Sewer    | Gained mutation: You are occasionally teleported next to
                  | monsters. [potion of mutation]
  2765 | Sewer    | Gained mutation: You possess an exceptional clarity of
                  | mind. [potion of mutation]
  2765 | Sewer    | Gained mutation: You expend magic power (3 MP) to
                  | strengthen your wands. [potion of mutation]
  2772 | Sewer    | HP: 2/41 [acid (3)]
  2774 | Sewer    | Slain by a jelly

Illustrated notes

Levels and vault maps discovered:
D:1:      minmay_arrival_stone_box, layout_loops_ring
D:2:      layout_rooms, uniq_sigmund
D:3:      layout_loops_ring, gup_sewer_entry_bowl, gammafunk_ghost_smash,
          skrybe_limestone_x, lightli_corner_chamber
Sewer:    sewer_hellmonk_slimy_pipes

Skill      XL: |  1  2  3  4 |
---------------+-------------+-----
Fighting       | 1 2 |  2.2
Unarmed Combat | 3 4 |  4.0
Dodging        | 2 |  2.7
Shapeshifting  | 3 |  3.2

Action                     |  1- 3 |  4- 6 || total
---------------------------+-------+-------++-------
  Melee: Unarmed           |   117 |   101 ||   218
         Punch             |     7 |     3 ||    10
  Throw: Dart              |       |     2 ||     2
Ability: Begin Untransform |     1 |     1 ||     2
    Use: Potion            |     1 |     3 ||     4
         Scroll            |       |     4 ||     4
 Armour: Animal skin       |    54 |     5 ||    59
         Skin              |     4 |       ||     4
         Robe              |       |    37 ||    37
  Dodge: Dodged            |    72 |    43 ||   115
   Form: Beast             |     1 |     1 ||     2

Table legend: (Time is in decaauts)
 A = Elapsed time spent in this place.
 B = Non-inter-level travel time spent in this place.
 C = Inter-level travel time spent in this place.
 D = Time resting spent in this place.
 E = Time spent auto-exploring this place.
 F = Levels seen in this place.
 G = Mean time per level.
                   A        B        C        D        E       F      G
               +--------+--------+--------+--------+--------+-----+--------+
         Total |   2804 |   2687 |    117 |    626 |    749 |   4 |  701.0 |
       Dungeon |   2097 |   1980 |    117 |    382 |    749 |   3 |  699.0 |
         Sewer |    706 |    706 |      0 |    244 |      0 |   1 |  706.0 |
               +--------+--------+--------+--------+--------+-----+--------+

Top non-repeatable levels by time:
     D:1: 1176 daAuts
   Sewer: 706 daAuts
     D:2: 651 daAuts
     D:3: 269 daAuts
